 Dungeon Crawl Stone Soup version 0.19-a0-1051-gdb7e7f8 (webtiles) character file.

1030 Liquid the Chopper (level 8, -4/62 HPs)
             Began as a Formicid Chaos Knight on Aug 1, 2016.
             Slain by an ogre
             ... wielding a +0 giant club
              (20 damage)
             ... on level 6 of the Dungeon.
             The game lasted 00:10:55 (4212 turns).

Liquid the Chopper (Formicid Chaos Knight)          Turns: 4212, Time: 00:10:56

Health: -4/62      AC:  7    Str: 18    XL:     8   Next: 47%
Magic:  8/8        EV: 14    Int: 11    God:    Xom [......]
Gold:   351        SH:  8    Dex: 12    Spells: 0 memorised, 7 levels left

rFire  . . .     SeeInvis +     v - +2 whip (chaos)
rCold  . . .     Gourm    .     e - +0 scale mail
rNeg   . . .     Faith    .     f - +0 shield
rPois  .         Spirit   .     (helmet unavailable)
rElec  .         Dismiss  .     (no cloak)
rCorr  .         Reflect  .     (no gloves)
SustAt .         Harm     .     (no boots)
MR     .....                    (no amulet)
Stlth  ..........               (no ring)
                                o - +5 ring of evasion

@: not resistant to hostile enchantments, extremely unstealthy
A: permanent stasis, dig shafts and tunnels, four strong arms, antennae 3, fangs
1
a: Dig, Shaft Self, Renounce Religion


You were on level 6 of the Dungeon.
You worshipped Xom.
You were a very special plaything of Xom.
You were not hungry.

You visited 1 branch of the dungeon, and saw 6 of its levels.

You collected 351 gold pieces.

Inventory:

Hand Weapons
 a - a +0 hand axe of chaos
 l - a +2 hand axe of flaming
 r - a +2 whip of venom
 v - a +2 whip of chaos (weapon)
Armour
 b - a +2 leather armour
 e - a +0 scale mail (worn)
 f - a +0 shield (worn)
 u - a +0 plate armour
Jewellery
 o - a +5 ring of evasion (left hand)
Wands
 h - a wand of slowing (33/48)
 s - a wand of teleportation (8/9)
Potions
 g - 3 potions of curing
 k - 3 potions of resistance
 m - a potion of brilliance
 p - a potion of flight {unknown}
 q - a potion of haste {unknown}
Comestibles
 c - 5 bread rations
 d - a slice of pizza
 i - a royal jelly
 j - 2 meat rations
 n - 6 fruits
 t - 4 chunks of flesh


   Skills:
 - Level 5.2 Fighting
 * Level 6.8 Axes
 + Level 4.7 Armour
 + Level 3.7 Dodging
 * Level 1.6 Shields


You had 7 spell levels left.
You didn't know any spells.

Dungeon Overview and Level Annotations

Branches:
Dungeon (6/15)
 Temple: D:4-7

Altars:
Dithmenos
Elyvilon
Xom
The Shining One

Annotations:
D:4 Grinder


Innate Abilities, Weirdness & Mutations

You are under a permanent stasis effect.
You can dig through walls and to a lower floor.
Your four strong arms can wield two-handed weapons with a shield.
You have a pair of large antennae on your head. (SInv)
You have very sharp teeth.


Message History

The giant frog barely misses you. x2
You whack the giant frog!
There is a sudden explosion of sparks!
You kill the giant frog!
You are now a very special plaything of Xom.
The ogre closely misses you.
You barely miss the ogre. You block the ogre's attack.
Unknown command.
Your shield and scale mail prevent you from hitting the ogre.
You block the ogre's attack.
You hit the ogre. You freeze the ogre.
The ogre is lightly wounded.
You hit the ogre. You bite the ogre, but do no damage.
The ogre is moderately wounded.
The ogre hits you with a giant club!
* * * LOW HITPOINT WARNING * * *
You hit the ogre.
The ogre is moderately wounded.
The ogre hits you with a giant club!!
You die...
Xom thinks this is hilarious!

##..# #........
#..# #..######
#..# #... #..#
#.. # ##..# ###.
.. #...###....
...##..........
................
........@.......
........†O......
................
........[.......
#
............<...
.
.......<.....###
. ............#
. ............#
. .............
.


You could see an ogre.

Vanquished Creatures
  Sigmund (D:2)
  A giant frog (D:6)
  A howler monkey (D:5)
  2 orc priests (D:3)
  2 orc wizards (D:3)
  A centaur skeleton (D:4)
  Ijyb (D:2)
  4 worker ants
  Robin (D:2)
  A worker ant zombie (D:6)
  4 gnolls
  7 adders
  An ooze (D:1)
  3 worms
  2 dart slugs
  7 giant geckos
  7 orcs
  8 bats
  6 giant cockroaches
  11 hobgoblins
  10 jackals
  A quokka (D:3)
  A ball python (D:3)
  7 giant newts
  13 goblins
  11 kobolds
  11 rats
125 creatures vanquished.

Vanquished Creatures (collateral kills)
  An ice beast (D:4)
  An ogre (D:4)
  A crimson imp (D:5)
  A gnoll shaman (D:6)
  An iguana (D:6)
  5 gnolls (D:6)
10 creatures vanquished.

Grand Total: 135 creatures vanquished

Notes
Turn   | Place    | Note
-------+----------+-------------------------------------------
     0 | D:1      | Liquid the Formicid Chaos Knight began the quest for the Orb.
     0 | D:1      | Reached XP level 1. HP: 18/18 MP: 1/1
    29 | D:1      | Reached skill level 1 in Dodging
    55 | D:1      | Reached XP level 2. HP: 17/24 MP: 2/2
   320 | D:1      | XOM: smoke on damage
   342 | D:1      | Reached XP level 3. HP: 23/29 MP: 3/3
   661 | D:1      | XOM: severe Pois miscast
   790 | D:1      | XOM: medium Tloc miscast
   922 | D:1      | Reached XP level 4. HP: 14/35 MP: 4/4
  1020 | D:2      | Noticed Ijyb
  1024 | D:2      | Killed Ijyb
  1024 | D:2      | Reached skill level 4 in Axes
  1227 | D:2      | Noticed Robin
  1244 | D:2      | Killed Robin
  1244 | D:2      | Reached XP level 5. HP: 41/42 MP: 5/5
  1267 | D:2      | Noticed Sigmund
  1280 | D:2      | XOM: fog
  1295 | D:2      | XOM: god gift: glowing quarterstaff {god gift}
  1297 | D:2      | Killed Sigmund
  1297 | D:2      | Reached skill level 5 in Axes
  1297 | D:2      | Reached XP level 6. HP: 42/49 MP: 6/6
  1654 | D:2      | XOM: god gift: scroll labeled PIPNET WAOKE {god gift}
  1678 | D:2      | Found a glowing golden altar of the Shining One.
  1991 | D:3      | Found a white marble altar of Elyvilon.
  2008 | D:3      | Reached XP level 7. HP: 41/55 MP: 7/7
  2206 | D:3      | XOM: draining
  2478 | D:3      | XOM: summons 3 hostile demons
  2499 | D:3      | XOM: divination: magic mapping
  2621 | D:4      | XOM: give mutation
  2621 | D:4      | Gained mutation: You have very sharp teeth. [Xom's grace]
  2775 | D:3      | Found a shimmering altar of Xom.
  2776 | D:3      | Found a shadowy altar of Dithmenos.
  3125 | D:4      | XOM: summons friendly ufetubus
  3130 | D:4      | Reached skill level 5 in Fighting
  3130 | D:4      | Reached skill level 6 in Axes
  3149 | D:4      | XOM: divination: magic mapping
  3159 | D:4      | Reached XP level 8. HP: 46/62 MP: 8/8
  3209 | D:4      | Noticed Grinder
  3227 | D:4      | You fall through a shaft!
  3227 | D:5      | Entered Level 5 of the Dungeon
  3684 | D:5      | XOM: medium Tloc miscast
  4062 | D:6      | Reached skill level 1 in Shields
  4067 | D:6      | XOM: chaos upgrade
  4124 | D:6      | XOM is BORED!
  4212 | D:6      | Slain by an ogre

Vault maps used:
D:1:      dpeg_arrival_rhombus, minmay_nonomino_d4
D:2:      tso_altar, first_bread, uniq_iyjb, uniq_sigmund, uniq_robin
D:3:      nicolae_overflow_crystal_walls, minitemple
D:4:      uniq_grinder
D:6:      uniq_menkaure

Skill      XL: |  1  2  3  4  5  6  7  8 |
---------------+-------------------------+-----
Dodging        | 1 2 3 |  3.7
Axes           | 4 5 6 |  6.8
Fighting       | 4 5 |  5.2
Armour         | 3 4 |  4.7
Shields        | 1 |  1.6

Action                   |  1- 3 |  4- 6 |  7- 9 || total
-------------------------+-------+-------+-------++-------
Melee: Hand axe          |    88 |     5 |     4 ||    97
       Whip              |       |    96 |   207 ||   303
       Bite              |       |       |    20 ||    20
 Abil: Dig               |     1 |     1 |     8 ||    10
       Shaft Self        |       |       |     1 ||     1
  Use: Scroll            |       |     6 |     9 ||    15
 Stab: Distracted        |       |       |     1 ||     1
  Eat: Chunk             |       |     4 |     8 ||    12
Armor: Leather armour    |    29 |    15 |       ||    44
       Scale mail        |       |     3 |    73 ||    76
Dodge: Dodged            |    69 |    75 |   204 ||   348
Block: Shield            |       |       |    16 ||    16
